[Event "Vaujany Principal"]
[Site "Vaujany"]
[Date "2012.07.16"]
[Round "5.19"]
[White "Adam, Gyorgy Jr"]
[Black "Veys , Vincent"]
[Result "1-0"]
[ECO "C78"]
[WhiteElo "2140"]
[BlackElo "2041"]
[Annotator "Jean-pierre,LEES"]
[PlyCount "155"]
[SourceDate "2012.07.12"]
[TimeControl "240+2"]

{1024MB, Fritz8.ctg
} 1. e4 e5 2. Nf3 Nc6 3. Bb5 a6 4. Ba4 Nf6 5. O-O b5 6. Bb3
Bc5 7. d3 d6 8. Nc3 h6 9. h3 O-O 10. Nd5 Na5 11. Nxf6+ Qxf6 12. Bd5 c6 13. Bd2
cxd5 14. Bxa5 d4 15. c3 dxc3 16. bxc3 Ba7 17. a4 bxa4 18. Rxa4 Qg6 19. Kh2 Bd7
20. Ra1 f5 21. Nh4 Qf6 22. Nxf5 Bxf5 23. exf5 Qxf5 24. Kh1 Qe6 25. Qe2 Rf6 26.
f3 Qd7 27. Qe4 Rb8 28. Bb4 Kh8 29. Ra5 (29. Rxa6 d5 30. Rxa7 Qxa7 31. Qxd5 Re8)
29... Rb5 30. Qa8+ Rb8 31. Qd5 Rb5 32. Rxb5 Qxb5 33. Qxb5 axb5 34. Rb1 d5 35.
Ba5 Bb6 36. Rxb5 Bxa5 37. Rxa5 Rc6 38. Ra3 (38. Rxd5 Rxc3) 38... Rb6 39. Kh2
Rb2 40. Ra5 Rb3 41. d4 Rxc3 42. dxe5 d4 43. Rd5 Re3 44. f4 d3 45. Kg1 g5 46.
fxg5 hxg5 47. Kf2 Re2+ 48. Kf3 Kg7 49. e6 Kf6 50. Rd6 Re5 51. e7+ Kxe7 52. Rxd3
Ra5 53. Kg4 Kf6 54. Kh5 Kg7 55. Rf3 Rb5 56. g4 Ra5 57. Rf5 Ra6 58. Rxg5+ Kh7
59. Kh4 Ra3 60. Rb5 Ra6 61. Kg5 Rg6+ 62. Kf5 Rh6 63. Rb3 Kg7 64. g5 Ra6 65.
Rb7+ Kg8 66. g6 Ra5+ 67. Kf6 Ra6+ 68. Kg5 Ra5+ 69. Kh6 Ra8 70. Rb6 Rc8 71. h4
Ra8 72. h5 Rc8 73. Kg5 Rc5+ 74. Kf6 Rc8 75. h6 Kh8 76. Re6 Rf8+ 77. Kg5 Rb8 78.
h7 1-0

[Event "Vaujany Principal"]
[Site "Vaujany"]
[Date "2012.07.16"]
[Round "5.20"]
[White "Vledouts, Sacha"]
[Black "Gonella, Daniele"]
[Result "0-1"]
[ECO "D85"]
[WhiteElo "2035"]
[BlackElo "2121"]
[Annotator "Jean-pierre,LEES"]
[PlyCount "84"]
[SourceDate "2012.07.12"]
[TimeControl "240+2"]

{1024MB, Fritz8.ctg
} 1. c4 Nf6 2. Nf3 g6 3. d4 d5 4. Nc3 Bg7 5. cxd5 Nxd5 6.
e4 Nxc3 7. bxc3 c5 8. Be3 Nc6 (8... Qa5 9. Qd2 Nc6 10. Rc1 cxd4 11. cxd4 Qxd2+
12. Kxd2 O-O) 9. Qd2 Qa5 10. Rc1 cxd4 11. cxd4 Qxd2+ 12. Kxd2 O-O 13. Bb5 Rd8 (
13... f5 14. exf5 Bxf5 15. Bxc6 bxc6 16. Rxc6 Rab8 17. Kc3) 14. Bxc6 bxc6 15.
e5 f6 16. Rc5 Be6 17. a4 Bd5 18. Ke2 Rab8 19. Rhc1 Rb2+ 20. R1c2 Rdb8 21. a5
Be4 22. Rxb2 Rxb2+ 23. Kd1 Kf7 24. Ne1 Bf8 25. f3 Bd5 26. Nd3 Rxg2 27. Nb4
Bxf3+ 28. Kc1 Re2 29. Bd2 e6 30. Rxc6 Bxc6 31. Nxc6 fxe5 32. Nxe5+ Rxe5 (32...
Ke8) 33. dxe5 a6 34. Kc2 Ke8 35. Kd3 Kd7 36. Kc4 Kc6 37. h4 Be7 38. Bg5 Bc5 39.
Bd8 Bf2 40. Be7 Be1 41. Kd4 Bxa5 42. Ke4 Bd2 0-1

[Event "Vaujany Principal"]
[Site "Vaujany"]
[Date "2012.07.16"]
[Round "5.21"]
[White "Chauvet, Vincent"]
[Black "Weisz"]
[Result "1-0"]
[ECO "D35"]
[WhiteElo "2118"]
[BlackElo "1809"]
[Annotator "Jean-pierre,LEES"]
[PlyCount "81"]
[SourceDate "2012.07.12"]
[TimeControl "240+2"]

{1024MB, Fritz8.ctg
} 1. d4 e6 2. c4 d5 3. Nc3 Nf6 4. cxd5 exd5 5. Bg5 Be7 6.
e3 O-O 7. Bd3 Re8 8. Qc2 Nbd7 9. Nge2 c6 10. f3 Nf8 11. O-O h6 12. Bh4 Ne6 13.
Rad1 b5 14. Kh1 Bb7 15. Bf5 Nf8 16. Bf2 Bd6 17. Bd3 a6 18. e4 dxe4 19. fxe4 Bc7
20. Bh4 g5 21. e5 Nd5 22. Nxd5 cxd5 23. Bg3 Bb6 24. Qd2 Bc8 25. Rf6 Re6 26.
Rdf1 Rxf6 27. Rxf6 Kg7 28. h4 Ne6 29. Bf5 (29. Bf2 $142 Qf8 30. Ng3 Bd8 31.
Nf5+ Kh8 32. Rxh6+ Kg8 33. hxg5 Nxg5 34. Rh5 Bxf5 35. Bxf5 f6 36. Qf4 $18)
29... Qh8 30. Bxe6 (30. Nc3 $142) 30... Bxe6 31. Rf1 Rc8 32. Nc3 Rc4 33. Bf2
Qd8 34. Be3 Qh8 35. Kg1 Bd8 36. hxg5 hxg5 37. Bxg5 Kg6 38. Bxd8 Qxd8 39. Rf6+
Kg7 40. Qg5+ Kf8 41. Rxf7+ 1-0

[Event "Vaujany Principal"]
[Site "Vaujany"]
[Date "2012.07.16"]
[Round "5.25"]
[White "Haver, Bas"]
[Black "Ruecker, Benjamin"]
[Result "0-1"]
[ECO "B84"]
[WhiteElo "2021"]
[BlackElo "2260"]
[Annotator "Jean-pierre,LEES"]
[PlyCount "72"]
[SourceDate "2012.07.12"]
[TimeControl "240+2"]

{1024MB, Fritz8.ctg
} 1. e4 c5 2. Nf3 e6 3. d4 cxd4 4. Nxd4 a6 5. Nc3 (5. c4
Nf6 6. Nc3 Bb4) 5... Qc7 6. Be2 Nf6 7. O-O d6 8. Kh1 Be7 9. f4 Nbd7 10. Qe1 b5
11. a3 Bb7 12. Qg3 Nxe4 13. Nxe4 Bxe4 14. Be3 O-O 15. Bg4 Bf6 16. Rad1 Rfe8 17.
Qh3 Nb6 18. f5 e5 19. Ne2 Nc4 20. Bf2 Bxc2 21. Rc1 Nd2 (21... Nxb2) 22. Rfe1
Ne4 23. Bh4 Qe7 24. Rxc2 (24. Bxf6 $4 Nf2+) 24... Bxh4 25. Ng3 Bxg3 26. Rxe4 d5
27. Re3 Bf4 28. Rec3 e4 29. Rc6 Bd6 30. Rf2 Rac8 31. Qc3 Qe5 32. Qxe5 Bxe5 33.
Rfc2 Rxc6 34. Rxc6 d4 35. Rxa6 d3 36. Kg1 Bxb2 0-1

[Event "Vaujany Principal"]
[Site "Vaujany"]
[Date "2012.08.26"]
[Round "5.26"]
[White "Brest, Jean-François"]
[Black "Roche, Yves"]
[Result "1-0"]
[ECO "E18"]
[WhiteElo "2046"]
[BlackElo "1956"]
[Annotator "Jean-pierre,LEES"]
[PlyCount "73"]
[SourceDate "2012.07.12"]
[TimeControl "240+2"]

{1024MB, Fritz8.ctg
} 1. d4 Nf6 2. c4 e6 3. g3 d5 4. Nf3 Be7 (4... dxc4 5. Qa4+
(5. Bg2 a6 6. O-O Nc6 7. e3 Bd7 8. Nc3 Bd6 (8... b5 9. Ne5 Nxe5 10. dxe5 Nd5
11. Nxd5 exd5 12. Qxd5 c6 13. Qd4) 9. Qe2 b5 10. e4 e5 11. dxe5 Nxe5 12. Nxe5
Bxe5 13. f4 Bxc3 14. bxc3 c6 15. f5 O-O) 5... Nbd7 6. Bg2 a6 7. Qxc4 b5 8. Qc6
Rb8 9. Bf4 Nd5 10. Bg5 Be7 11. Bxe7 Qxe7 12. Nc3 Bb7 13. Nxd5 Bxc6 14. Nxe7
Kxe7 15. Rc1 Bd5 (15... Rb6 16. O-O Rc8) 16. Rxc7) 5. Bg2 O-O 6. O-O b6 (6...
dxc4) (6... c6) (6... Nbd7) 7. cxd5 (7. Nc3 Bb7) 7... exd5 8. Qc2 c5 9. Nc3 Bb7
10. Bf4 Na6 11. Rad1 Nc7 12. e4 Ne6 (12... Nxe4 13. Nxe4 dxe4 14. dxc5 Qc8 15.
c6 exf3 16. cxb7 Qxb7 17. Qxc7 Qxc7 18. Bxc7 fxg2 19. Kxg2 $11) 13. e5 Nh5 14.
Be3 c4 15. Nd2 f5 16. exf6 (16. f4 Rc8 17. Bf3 g6) (16. Nxc4 Rc8 17. Qe2 (17.
Nd2 f4) 17... Nxg3 (17... Rxc4 18. Qxh5) 18. fxg3 Rxc4) 16... Bxf6 17. Nxc4 Rc8
18. Na3 (18. Ne5 Bxe5 19. dxe5 Qc7 20. Qb3) 18... g6 19. Qb3 Nc7 20. Nab5 Nxb5
21. Qxb5 Kh8 22. Nxd5 a6 23. Qxb6 (23. Qb3 $142 $18) 23... Bxd5 24. Qxd8 Rfxd8
25. Bxd5 Rxd5 26. Rd3 Rc2 27. Rb3 Rb5 28. Ra3 Rbxb2 29. Rxa6 Rxa2 30. Rb6 Rab2
(30... Rc8 $142) 31. Rd6 Be7 32. Rd7 Bb4 (32... Bf8 33. Ra1 Ra2 34. Rb1 Rc8)
33. Bh6 Kg8 34. g4 Nf6 35. Rg7+ Kf8 36. Ra1 Ra2 $4 (36... Bd2 37. Ra8+ Ne8 38.
Rxh7+ Bxh6 39. Rxh6 (39. Rh8+ Kg7 40. Raxe8 Rxf2)) 37. Ra7+ 1-0

[Event "Vaujany Principal"]
[Site "Vaujany"]
[Date "2012.07.16"]
[Round "5.27"]
[White "Laehnwitz, Alexander"]
[Black "N'Guyen, Emilien"]
[Result "1-0"]
[ECO "B19"]
[WhiteElo "2031"]
[BlackElo "2027"]
[Annotator "Jean-pierre,LEES"]
[PlyCount "121"]
[SourceDate "2012.07.12"]
[TimeControl "240+2"]

{1024MB, Fritz8.ctg
} 1. e4 c6 2. d4 d5 3. Nc3 dxe4 4. Nxe4 Bf5 5. Ng3 Bg6 6.
Nf3 Nd7 (6... Nf6 7. h4 h6 8. Ne5 Bh7 9. Bd3 Bxd3 10. Qxd3 e6) 7. h4 h6 8. h5
Bh7 9. Bd3 Bxd3 10. Qxd3 Qc7 11. Bd2 e6 12. O-O-O Ngf6 13. Ne4 O-O-O 14. g3
Nxe4 15. Qxe4 Nf6 16. Qe2 Rd5 (16... Bd6 17. c4 c5 18. Bc3 cxd4 19. Nxd4) 17.
Bf4 Bd6 18. Bxd6 Rxd6 19. Ne5 Rhd8 20. c3 Rd5 (20... c5 21. dxc5 Rxd1+ 22. Rxd1
Rxd1+ 23. Kxd1 Qxc5 $11) 21. f4 Qe7 22. g4 Nd7 23. c4 Ra5 24. Kb1 Ra6 25. Rh3
Nxe5 26. dxe5 Rxd1+ 27. Qxd1 c5 28. Rd3 Rc6 29. Kc2 a6 30. Qg1 f6 31. Qe3 fxe5
32. Qxe5 Qf6 33. Qxf6 gxf6 34. Kd2 Rc7 35. Rd6 Re7 36. Ke3 Kc7 37. Rd2 b5 38.
b3 Re8 (38... Rg7 39. Kf3 b4 40. Re2 Kd7) 39. Kf3 Kc6 40. g5 fxg5 41. fxg5 hxg5
42. Kg4 bxc4 43. bxc4 e5 44. h6 e4 45. h7 Rh8 46. Rh2 Kd6 47. Kf5 e3 48. Rh6+
Kd7 49. Kg6 e2 50. Rh1 Kd6 51. Re1 Ke5 52. Rxe2+ Kd4 53. Rc2 g4 54. Kg7 Rc8 55.
h8=Q Rxh8 56. Kxh8 g3 57. Kg7 g2 58. Rxg2 Kxc4 59. Kf6 Kd3 60. Ke5 c4 61. Rg3+
1-0

[Event "Vaujany Principal"]
[Site "Vaujany"]
[Date "2012.07.16"]
[Round "5.28"]
[White "Hodot, Yves"]
[Black "Hoyer, Hans Gerd"]
[Result "1/2-1/2"]
[ECO "B07"]
[WhiteElo "1915"]
[BlackElo "2032"]
[Annotator "Jean-pierre,LEES"]
[PlyCount "149"]
[SourceDate "2012.07.12"]
[TimeControl "240+2"]

{1024MB, Fritz8.ctg
} 1. e4 d6 2. f4 Nf6 3. Nc3 c6 4. Be2 Nbd7 5. g4 Nc5 6. d3
e5 7. f5 h6 8. g5 hxg5 9. Bxg5 Be7 10. h4 d5 11. b4 Na6 12. a3 d4 13. Nb1 Bd7
14. Nd2 c5 15. Nc4 Qc7 16. Nf3 cxb4 17. O-O Bd6 18. Nxd6+ Qxd6 19. axb4 Nxb4
20. Qd2 Nc6 21. c3 Nh5 22. cxd4 exd4 23. Rf2 Kf8 24. e5 Qd5 25. e6 Be8 26. Nh2
f6 27. Bf3 Qd6 28. Bxh5 Rxh5 29. Bf4 Qd5 30. Qa2 Rxf5 31. Bd6+ Kg8 32. Rxf5
Qxf5 33. Rf1 Qxd3 34. Ng4 Qg6 (34... Qh3) (34... Bh5) 35. Qg2 f5 36. Ne5 Qxg2+
37. Kxg2 Nxe5 38. Bxe5 d3 39. Kf2 Rd8 40. Ke3 g6 41. Kd2 Bb5 42. Bc3 Re8 43.
Re1 Bc4 44. e7 Kf7 45. Bb4 a5 46. Bd6 b5 47. Re5 Kf6 48. Kc3 a4 49. Re1 Kf7 50.
Re5 Kf6 51. Re1 g5 52. hxg5+ Kxg5 53. Kd4 Kg4 54. Kc3 Kf3 55. Kd2 b4 56. Bxb4
Bb5 57. Re5 Bd7 58. Kxd3 Rb8 59. Kc4 Kg4 60. Bd6 Rc8+ 61. Kd5 Ra8 62. Re3 Be8
63. Rg3+ Kh4 64. Ra3 Ra5+ 65. Kc4 Bf7+ 66. Kb4 Ra6 67. Kc5 Kg5 68. Bc7 f4 69.
Rf3 Rf6 70. e8=Q Bxe8 71. Bd8 Kg4 72. Bxf6 Kxf3 73. Kb4 Ke2 74. Bd4 f3 75. Ka3
1/2-1/2

[Event "Vaujany Principal"]
[Site "Vaujany"]
[Date "2012.07.16"]
[Round "5.29"]
[White "Borderie, David"]
[Black "Abdesselem, Ahmed"]
[Result "0-1"]
[ECO "E90"]
[WhiteElo "1986"]
[BlackElo "1875"]
[Annotator "Jean-pierre,LEES"]
[PlyCount "86"]
[SourceDate "2012.07.12"]
[TimeControl "240+2"]

{1024MB, Fritz8.ctg
} 1. Nf3 Nf6 2. c4 g6 3. Nc3 Bg7 4. d4 O-O 5. e4 d6 6. g3
e5 7. Bg2 Nc6 8. d5 Ne7 9. O-O h6 10. c5 Ne8 11. cxd6 cxd6 12. Nd2 f5 13. f3 f4
14. Nc4 Qc7 15. b3 b5 16. Nxb5 Qc5+ 17. Kh1 Qxb5 18. a4 Qd7 19. Ba3 g5 20. Rc1
Ba6 21. Rf2 fxg3 22. hxg3 g4 23. f4 exf4 24. gxf4 Rd8 25. Ne3 h5 26. Rcc2 Bh6
27. e5 Bxf4 28. e6 Qb7 29. Nxg4 Qxb3 30. Nh6+ Bxh6 31. Qxh5 Rxf2 32. Rxf2 Qb1+
33. Kh2 Qg6 34. Qh4 Bg5 35. Qd4 Qh6+ 36. Bh3 Be3 37. Rg2+ Ng7 38. Qg4 Qf4+ 39.
Qxf4 Bxf4+ 40. Kh1 Nxd5 41. Bb2 Be5 42. Bc1 Ne7 43. Be3 Bb7 0-1

[Event "Vaujany Principal"]
[Site "Vaujany"]
[Date "2012.07.16"]
[Round "5.30"]
[White "Gombos, Bettina"]
[Black "Trin, Pierre"]
[Result "1-0"]
[ECO "B44"]
[WhiteElo "1966"]
[BlackElo "1858"]
[Annotator "Jean-pierre,LEES"]
[PlyCount "87"]
[SourceDate "2012.07.12"]
[TimeControl "240+2"]

{1024MB, Fritz8.ctg
} 1. e4 c5 2. Nf3 Nc6 3. d4 cxd4 4. Nxd4 e6 5. Nb5 d6 6. c4
a6 7. N5c3 Nf6 8. g3 Be7 9. Bg2 O-O 10. O-O Qc7 11. b3 Rb8 12. Na3 b6 13. Bb2
Bb7 14. Rc1 Nb4 15. Qe2 Nd7 16. Rfd1 Rfd8 17. Nc2 Nxc2 18. Rxc2 Rbc8 19. Rcd2
Nf6 20. Qe3 Rb8 21. Ne2 e5 22. h3 Qc6 23. Nc3 Nd7 24. Nd5 Bf8 25. Qg5 Re8 26.
Ba3 Re6 27. h4 Nf6 28. h5 h6 29. Qf5 Nd7 30. Bh3 Qc8 31. Qf3 Bxd5 32. Rxd5 Rf6
33. Qg4 Re6 34. Bxd6 Rb7 35. Bxf8 Nxf8 36. Qf3 b5 37. Rd8 Qc6 38. Bxe6 Qxe6 39.
R1d6 Qe7 40. Qd1 Kh7 41. Qg4 Ne6 42. Qf5+ g6 43. hxg6+ Kg7 44. Qxe5+ 1-0

[Event "Vaujany Principal"]
[Site "Vaujany"]
[Date "2012.07.16"]
[Round "5.31"]
[White "De Lagontrie, Jean"]
[Black "Hourlier, Claire"]
[Result "0-1"]
[ECO "A56"]
[WhiteElo "1868"]
[BlackElo "1964"]
[Annotator "Jean-pierre,LEES"]
[PlyCount "84"]
[SourceDate "2012.07.12"]
[TimeControl "240+2"]

{1024MB, Fritz8.ctg
} 1. d4 Nf6 2. c4 c5 3. d5 e5 4. Nc3 d6 5. e4 Be7 6. h3
Nbd7 7. Nf3 O-O 8. Bd3 Ne8 9. g4 a6 10. a4 b6 11. Be3 Rb8 12. Qd2 Nc7 13. Ke2
Re8 14. Rag1 Nf6 15. Nh2 Bd7 16. f3 b5 17. axb5 axb5 18. cxb5 Nxb5 19. Nxb5
Bxb5 20. Bxb5 Rxb5 21. Ra1 Qb6 22. Ra2 Rb8 23. Rb1 Rb3 24. Nf1 Qb5+ 25. Kf2 Nd7
26. Qc2 Nf8 27. Ng3 Bh4 28. Bc1 Ng6 29. Kg2 Bxg3 30. Kxg3 Qb4 31. Bd2 Qb6 32.
Bc3 Qd8 33. Kh2 Qh4 34. Rg1 Qf6 35. Rg3 h5 36. gxh5 Nf4 37. h6 Qxh6 38. Ra1 Nh5
39. Rag1 Nxg3 40. Rxg3 Qf4 41. Kg2 c4 42. Qf2 Qc1 0-1

[Event "Vaujany Principal"]
[Site "Vaujany"]
[Date "2012.07.16"]
[Round "5.32"]
[White "Haver, Daan"]
[Black "Dubois, Hervé"]
[Result "1-0"]
[ECO "B96"]
[WhiteElo "1961"]
[BlackElo "1854"]
[Annotator "Jean-pierre,LEES"]
[PlyCount "49"]
[SourceDate "2012.07.12"]
[TimeControl "240+2"]

{1024MB, Fritz8.ctg
} 1. e4 c5 2. Nf3 d6 3. d4 cxd4 4. Nxd4 Nf6 5. Nc3 a6 6.
Bg5 e6 7. f4 Nc6 8. Nxc6 bxc6 9. e5 h6 10. Bh4 g5 11. fxg5 Nd5 12. Ne4 Qb6 13.
Bd3 Qxb2 14. g6 Ra7 15. O-O Qxe5 16. gxf7+ Rxf7 17. Rxf7 Kxf7 18. c4 Be7 19.
Bg3 Nf4 20. Bxf4 Qxf4 21. Qh5+ Kg7 22. Rf1 Qe3+ 23. Nf2 Qg5 24. Qf3 e5 $4 25.
Nh3 {La dame est perdue} 1-0

[Event "Vaujany Principal"]
[Site "Vaujany"]
[Date "2012.07.16"]
[Round "5.34"]
[White "Coppola, Federico"]
[Black "Van Foreest, Lucas"]
[Result "1-0"]
[ECO "C68"]
[WhiteElo "1844"]
[BlackElo "1969"]
[Annotator "Jean-pierre,LEES"]
[PlyCount "110"]
[SourceDate "2012.07.12"]
[TimeControl "240+2"]

{1024MB, Fritz8.ctg
} 1. e4 e5 2. Nf3 Nc6 3. Bb5 a6 4. Bxc6 dxc6 5. O-O f6 6.
d3 Bd6 7. c3 Ne7 8. Qb3 Bg4 9. Qxb7 Bxf3 10. gxf3 O-O 11. Qb3+ Kh8 12. Kh1 Qd7
13. Qd1 f5 14. Nd2 (14. d4 f4 15. Rg1) 14... Qe6 15. Nc4 f4 16. Rg1 Rad8 17.
Qe2 Bc5 18. b4 Ba7 19. Bb2 Ng6 20. Rad1 Qf6 21. Na5 Rd7 22. Nb3 Rfd8 23. d4 Qh4
24. Na5 Rd6 25. Nc4 Re6 26. Nxe5 Nxe5 27. dxe5 Rf8 28. Rg4 Qe7 29. Qd2 c5 30.
Rxf4 Rxf4 31. Qxf4 c4 32. Rd7 Qe8 33. Qd2 Rd6 34. Rxd6 cxd6 35. exd6 Qf8 36. f4
Bb6 37. Qd5 h6 38. d7 Qxf4 39. d8=Q+ Bxd8 40. Qxd8+ Kh7 41. Qd5 Qf3+ 42. Kg1
Qe2 43. Qf5+ Kh8 44. e5 Qxb2 45. Qc8+ Kh7 46. Qxc4 Qc1+ 47. Kg2 Qg5+ 48. Kf3
Qh5+ 49. Ke3 Qh3+ 50. f3 Qxh2 51. e6 Qg1+ 52. Kd2 Qg5+ 53. Kd3 Qe7 54. Qd5 Kg6
55. f4 h5 1-0

[Event "Vaujany Principal"]
[Site "Vaujany"]
[Date "2012.07.17"]
[Round "6.14"]
[White "Gonella, Daniele"]
[Black "Frick, Christoph"]
[Result "1/2-1/2"]
[ECO "B13"]
[WhiteElo "2121"]
[BlackElo "2258"]
[Annotator "Jean-pierre,LEES"]
[PlyCount "91"]
[SourceDate "2012.07.12"]
[TimeControl "240+2"]

{1024MB, Fritz8.ctg
} 1. e4 c6 2. d4 d5 3. exd5 cxd5 4. c4 Nf6 5. Nc3 Nc6 6.
Nf3 Be6 7. Bg5 g6 8. Be2 Bg7 9. O-O O-O 10. a3 Ne4 11. Nxe4 dxe4 12. d5 exf3
13. Bxf3 Nd4 14. dxe6 fxe6 15. Be4 Qc7 16. Rc1 Qe5 17. Qg4 h5 18. Qh4 Ne2+ 19.
Kh1 Nxc1 20. Bxg6 Qe2 21. Rxc1 Qxf2 22. Qxf2 Rxf2 23. Bxe7 Bxb2 24. Rb1 Bf6 25.
Bd6 Rc8 26. c5 Bd4 27. h4 Bxc5 28. Bg3 Ra2 29. Rxb7 Ra1+ 30. Kh2 Bg1+ 31. Kh3
Rxa3 32. Bxh5 Rcc3 33. Bf3 Bd4 34. Bd6 Rab3 35. Re7 Rxf3+ (35... Rb6 36. Rd7 (
36. Rxe6 Kf7 37. Re7+ Kf6 38. Rd7 Ke6 39. Re7+ Kxd6) 36... Bf6 37. Bg3 Ra3 $19)
36. gxf3 Rxf3+ 37. Kg4 Re3 38. Kg5 Re1 39. Kg6 Rg1+ 40. Kh5 e5 (40... a5 41.
Re8+ Kg7 42. Re7+ Kf6) 41. Bxe5 Bf2 42. Bd6 a5 43. Re8+ Kg7 44. Re7+ Kf6 45.
Re4 Be1 46. Bc7 1/2-1/2

[Event "Vaujany Principal"]
[Site "Vaujany"]
[Date "2012.07.17"]
[Round "6.15"]
[White "Chauvet, Vincent"]
[Black "Skinke, Katrina"]
[Result "1/2-1/2"]
[ECO "E80"]
[WhiteElo "2118"]
[BlackElo "2238"]
[Annotator "Jean-pierre,LEES"]
[PlyCount "92"]
[SourceDate "2012.07.12"]
[TimeControl "240+2"]

{1024MB, Fritz8.ctg
} 1. d4 Nf6 2. c4 g6 3. Nc3 Bg7 4. e4 d6 5. f3 Nbd7 (5...
O-O 6. Be3 e5 (6... c5) (6... Nc6)) 6. Bg5 c5 7. Nge2 a6 8. Qd2 Rb8 9. Rd1 cxd4
10. Nxd4 O-O 11. Be2 Nc5 12. Be3 Bd7 13. O-O Ne6 14. Nc2 Qc8 15. Rc1 Nc5 16.
Nb4 b6 17. Nbd5 Nxd5 18. Nxd5 Qd8 19. b4 Na4 20. Bd4 b5 21. Bxg7 Kxg7 22. c5
dxc5 23. bxc5 Bc6 24. Qd4+ f6 25. Rfd1 a5 26. Qd2 Bxd5 27. exd5 b4 28. Ba6 Nc3
29. Rxc3 bxc3 30. Qxc3 Qc7 31. a4 Rb4 32. Bb5 Rc8 33. Rc1 Rh4 34. g3 Rb4 35.
Kg2 h5 36. h4 Rd8 37. Rd1 Kf7 38. Rd2 Rc8 39. d6 exd6 40. Bc4+ Kg7 41. Rxd6 Qe7
42. Re6 Qf8 43. c6 Rxa4 44. Qd4 Rc7 45. g4 hxg4 46. fxg4 Qf7 1/2-1/2

[Event "Vaujany Principal"]
[Site "Vaujany"]
[Date "2012.07.17"]
[Round "6.20"]
[White "Van Foreest, Jorden"]
[Black "Petrone, Gian Mario"]
[Result "1-0"]
[ECO "A26"]
[WhiteElo "2209"]
[BlackElo "1930"]
[Annotator "Jean-pierre,LEES"]
[PlyCount "55"]
[SourceDate "2012.07.12"]
[TimeControl "240+2"]

{1024MB, Fritz8.ctg
} 1. Nf3 Nf6 2. c4 g6 3. g3 Bg7 4. Bg2 O-O 5. O-O d6 6. Nc3
Nc6 7. d3 e5 8. Rb1 a5 9. a3 Bd7 10. Bg5 h6 11. Bxf6 Bxf6 12. b4 axb4 13. axb4
Be6 14. Nd2 Qc8 15. b5 Ne7 16. b6 c6 17. Nce4 Bg7 18. Nxd6 Qd7 19. N6e4 Nc8 20.
Nb3 Rd8 21. Nbc5 Qe7 22. Nxb7 Qxb7 23. Nc5 Qe7 24. b7 Rb8 25. bxc8=N Rbxc8 (
25... Rdxc8 26. Nxe6) 26. Nxe6 Qxe6 27. Rb6 f5 28. Bd5 1-0

[Event "Vaujany Principal"]
[Site "Vaujany"]
[Date "2012.07.17"]
[Round "6.23"]
[White "Adam , Gyorgy Sr"]
[Black "Gombos, Bettina"]
[Result "0-1"]
[ECO "B41"]
[WhiteElo "2066"]
[BlackElo "1966"]
[Annotator "Jean-pierre,LEES"]
[PlyCount "66"]
[SourceDate "2012.07.12"]
[TimeControl "240+2"]

{1024MB, Fritz8.ctg
} 1. e4 c5 2. Nf3 e6 3. c4 d6 (3... Nc6 4. Nc3 Nf6 5. Be2
d5 6. exd5 exd5 7. d4) 4. Nc3 Nf6 5. d4 cxd4 6. Nxd4 a6 7. Be2 Be7 8. Be3 Qc7
9. O-O b6 10. Qd2 (10. a4 Bb7 11. f3 Nbd7 12. a5 bxa5 13. Nb3 Rb8 14. Nxa5 Ba8
15. Qd2 O-O 16. Rfc1) 10... Bb7 11. f3 O-O 12. Rfc1 Nbd7 13. a4 Rac8 14. a5 Bd8
15. b4 Qb8 16. Nb3 bxa5 17. Nxa5 Bxa5 18. Rxa5 Ne5 19. c5 (19. b5 Nxc4 20. Bxc4
Rxc4 21. bxa6 Bc6 22. Rb1 $18) 19... dxc5 (19... Rfd8) 20. Bxc5 Rfd8 21. Qe3
Nc6 22. Ra4 Nd7 23. Bb6 $2 (23. Bxa6 Nxb4 (23... Bxa6 24. Rxa6 Qb7 25. Rca1
Nxc5 26. bxc5 Nd4 $11) 24. Bxb4 Bxa6 25. Rb1) 23... Nxb6 24. Qxb6 Nd4 25. Bxa6
Qf4 {cette penetration de la Dame s'avere decisive} 26. Re1 Bxa6 (26... Qd2 27.
Rea1 (27. Rd1 Qxc3 28. Qxb7 Nxf3+ $1 29. Kf2 Nd2 30. Kg1 Qe3+ 31. Kh1 Nxe4 32.
Rf1 (32. Rxd8+ Rxd8 33. h3 Rd1+ 34. Kh2 Qg3#) 32... Nf2+ 33. Rxf2 Qxf2 34. Ra1
Rb8 $19)) 27. Rxa6 Qd2 28. Rea1 (28. Raa1 Qxc3) 28... Qxc3 29. Ra7 Rb8 30. Qa6
Qxb4 (30... Nxf3+ $142 31. Kf1 (31. gxf3 Qe3+ 32. Kh1 Qxf3+ 33. Kg1 Qe3+ (33...
Rd2 34. Qf1) 34. Kh1 (34. Kf1 Rd2) 34... Qxe4+ 35. Kg1 Qg4+ 36. Kh1 (36. Kf1
Qf4+ 37. Ke1 Qxb4+ 38. Kf1 Qf4+ 39. Kg1 Rb2)) 31... Qe3 32. gxf3 Rd2 {et mat})
31. Rc7 Nb3 32. Rb1 Ra8 33. Qb6 Qd4+ 0-1

[Event "Vaujany Principal"]
[Site "Vaujany"]
[Date "2012.07.17"]
[Round "6.24"]
[White "Hourlier, Claire"]
[Black "Soyer, Jean-Yves"]
[Result "1-0"]
[ECO "B23"]
[WhiteElo "1964"]
[BlackElo "2056"]
[Annotator "Jean-pierre,LEES"]
[PlyCount "71"]
[SourceDate "2012.07.12"]
[TimeControl "240+2"]

{1024MB, Fritz8.ctg
} 1. e4 c5 2. Nc3 Nc6 3. Bb5 Nd4 4. Bc4 e6 5. Nf3 Nf6 6.
O-O a6 7. d3 d5 8. exd5 exd5 9. Nxd5 $1 Nxd5 10. Nxd4 cxd4 11. Qh5 Be6 12. Re1
Be7 (12... g6 13. Qxd5 Qxd5 14. Bxd5) 13. Rxe6 O-O 14. Re2 Nf6 15. Qf3 Qd7 16.
Bg5 Rac8 17. Rae1 Bd8 18. h3 b5 19. Bb3 a5 20. a3 a4 21. Ba2 Rc5 22. Bf4 Qc6
23. Re5 Bc7 24. Rxc5 Qxc5 25. Re2 Bxf4 26. Qxf4 h6 27. Qe5 Rc8 28. f4 Kf8 29.
g4 Nd7 30. Qe4 Nf6 31. Qg2 Re8 32. Qb7 $1 Re7 33. Qxe7+ Qxe7 34. Rxe7 Kxe7 35.
Kf2 Nd7 36. Bd5 1-0

[Event "Vaujany Principal"]
[Site "Vaujany"]
[Date "2012.07.17"]
[Round "6.25"]
[White "Bach, Anatole"]
[Black "Haver, Daan"]
[Result "0-1"]
[ECO "B70"]
[WhiteElo "2052"]
[BlackElo "1966"]
[Annotator "Jean-pierre,LEES"]
[PlyCount "66"]
[SourceDate "2012.07.12"]
[TimeControl "240+2"]

{1024MB, Fritz8.ctg
} 1. e4 c5 2. Nf3 d6 3. d4 cxd4 4. Nxd4 Nf6 5. Nc3 g6 6.
Bc4 Bg7 7. O-O O-O 8. Re1 Nc6 9. Bb3 Bd7 10. Bg5 Qa5 11. Nxc6 Bxc6 12. Nd5 Bxd5
13. exd5 e5 14. Qf3 Qd8 15. Qh3 Qc7 16. Rad1 Nd7 17. c3 Nc5 18. Bc2 b5 19. f4
exf4 20. Re7 Qb6 21. Bxf4 Rae8 22. Rxe8 Rxe8 23. Be3 b4 24. Bd4 bxc3 25. Qxc3
Re2 {Diagramme #} (25... Bxd4+ 26. Qxd4 Re2 27. b4 Rxc2 28. bxc5 Qxc5 29. Qxc5
Rxc5) 26. b4 (26. Kf1 $142 Bxd4 27. Rxd4 Re5 28. b4) (26. Bxg7 Ne4+ 27. Qd4
Rxc2 28. Qxb6 axb6 29. Bd4 b5) 26... Bxd4+ 27. Rxd4 $2 (27. Qxd4 $142 Rxc2 28.
bxc5 Qxc5 29. Qxc5 Rxc5 $19) 27... Nd7 $2 (27... Ne4 $142 $3 {gagnait une piece
} 28. Bxe4 (28. Qf3 Re1+) 28... Rxe4 29. Qc8+ Kg7 30. Qc3 Qxd4+) 28. Bd3 Rxa2
29. Bb1 Ra3 30. Qb2 Ne5 31. Kh1 Re3 32. h3 Re1+ 33. Kh2 Rxb1 0-1

[Event "Vaujany Principal"]
[Site "Vaujany"]
[Date "2012.07.17"]
[Round "6.26"]
[White "Veys, Vincent"]
[Black "Weisz, Jacques"]
[Result "1-0"]
[ECO "C06"]
[WhiteElo "2041"]
[BlackElo "1809"]
[Annotator "Jean-pierre,LEES"]
[PlyCount "59"]
[SourceDate "2012.07.12"]
[TimeControl "240+2"]

{1024MB, Fritz8.ctg
} 1. e4 e6 2. d4 d5 3. Nd2 Nf6 4. e5 Nfd7 5. Bd3 c5 6. c3
Nc6 7. Ndf3 (7. Ne2 cxd4 8. cxd4 f6 9. exf6 Nxf6 10. O-O Bd6 11. Nf3 O-O 12.
Bf4 (12. Bg5 Qc7 (12... Bd7)) 12... Bxf4 13. Nxf4 Ne4 {
est la variante principale de cette ligne}) 7... Qb6 (7... cxd4 8. cxd4 f6 9.
exf6 Nxf6 10. Ne2 Bd6 11. O-O O-O 12. Bf4 {retombe dans la variane principale})
8. Ne2 cxd4 9. cxd4 f6 10. exf6 Nxf6 11. O-O Bd6 12. b3 O-O 13. Bf4 Bxf4 14.
Nxf4 Ne4 (14... Bd7 15. Re1 Rae8 16. Qd2 Kh8 17. Bc2 Nxd4 18. Qxd4 Qxd4 19.
Nxd4 e5 20. Nfe6 Bxe6 21. Rxe5) 15. Ne2 (15. Bxe4 $2 dxe4 {perd une piece})
15... Nf6 (15... Nd6) (15... Bd7 16. Bxe4 dxe4 17. Ng5 Rad8 18. Nxe4 Be8 (18...
e5 19. dxe5 Bf5 20. Qc2 Nxe5 21. N2g3 $14) 19. Ng5 Rf6 20. Qd3 Bg6 21. Qe3 Nxd4
22. Nxd4 Qxd4 23. Qxd4 Rxd4 {et e6 est une faiblesse}) 16. Ng3 Kh8 17. Bc2 Bd7
18. Rc1 Rac8 19. Bb1 Ne7 20. Rxc8 Rxc8 21. Ne5 Be8 22. Re1 Qb4 23. Nf3 Rc6 24.
Ng5 Qb6 25. Qe2 Bd7 26. Nh5 Qxd4 27. Nxf6 Qxf6 28. Qh5 h6 29. Nf7+ Kg8 30. Ne5
1-0